Map: Romanticide LE

Players

ViBE - Winner!

  • Race: Protoss Protoss
  • League: Platinum
  • Spawn Location: 11:00

ZzMarlazZ

  • Race: Terran Terran
  • League: Gold
  • Spawn Location: 5:00

VOD

Have the link to the VOD?

Description

Time

  • Played on: March 27, 2021, 7:12 p.m.
  • Length: 13:59
Show
View Real Time Build Order
Export as new Build Order

ViBE Protoss - Winner!

Build Orders: 1 Gate Expand, Archon Immortal 

Get SALT Encoding   

  12  0:00  Probe  
  13  0:12  Probe  
  14  0:18  Pylon  
  14  0:25  Probe  
  15  0:37  Probe (Chrono Boost)  
  15  0:38  Gateway  
  16  0:48  Probe (Chrono Boost), Assimilator  
  17  0:55  Probe (Chrono Boost)  
  18  1:09  Probe  
  19  1:21  Probe  
  20  1:33  Nexus  
  20  1:42  Cybernetics Core  
  20  1:43  Probe (Chrono Boost)  
  21  1:48  Assimilator  
  21  1:49  Pylon  
  21  1:56  Probe (Chrono Boost)  
  22  2:05  Probe (Chrono Boost)  
  23  2:10  Probe  
  24  2:21  Stalker  
  24  2:22  Probe, Warp Gate  
  27  2:29  Pylon  
  27  2:34  Probe (Chrono Boost)  
  28  2:46  Probe (Chrono Boost)  
  28  2:48  Probe (Chrono Boost)  
  30  2:52  Sentry  
  30  2:54  Probe (Chrono Boost)  
  30  2:57  Probe (Chrono Boost)  
  34  3:01  Probe (Chrono Boost)  
  34  3:03  Probe, Robotics Facility  
  34  3:04  Gateway  
  37  3:12  Probe  
  37  3:15  Probe  
  38  3:24  Shield Battery  
  38  3:25  Probe (Chrono Boost)  
  39  3:33  Probe (Chrono Boost)  
  40  3:36  Probe (Chrono Boost), Stalker  
  44  3:41  Probe x2 (Chrono Boost)  
  44  3:48  Pylon  
  45  3:51  Probe  
  45  3:52  Probe  
  47  4:00  Immortal  
  51  4:03  Probe  
  51  4:04  Probe  
  51  4:05  Nexus  
  51  4:07  Pylon  
  53  4:15  Probe  
  53  4:16  Probe  
  55  4:17  Stalker  
  55  4:18  Stalker  
  55  4:23  Assimilator  
  59  4:26  Assimilator  
  59  4:27  Probe  
  59  4:28  Probe  
  61  4:39  Probe  
  61  4:40  Probe  
  61  4:45  Stalker x2  
  67  4:51  Probe  
  68  4:55  Pylon  
  68  5:04  Pylon  
  68  5:07  Pylon  
  68  5:08  Probe x2 (Chrono Boost)  
  68  5:13  Immortal, Stalker  
  76  5:14  Stalker  
  76  5:19  Probe (Chrono Boost)  
  76  5:20  Probe (Chrono Boost)  
  76  5:21  Probe (Chrono Boost)  
  81  5:28  Probe (Chrono Boost)  
  82  5:33  Probe x3 (Chrono Boost)  
  85  5:38  Stalker x2  
  83  5:45  Probe (Chrono Boost)  
  83  5:46  Probe (Chrono Boost)  
  77  5:50  Probe (Chrono Boost)  
  77  5:52  Immortal  
  77  5:56  Nexus  
  76  5:57  Pylon  
  76  6:00  Probe x2  
  76  6:01  Probe, Pylon  
  72  6:05  Twilight Council  
  72  6:08  Forge  
  72  6:10  Forge  
  72  6:11  Stalker  
  74  6:13  Stalker  
  65  6:29  Gateway  
  65  6:30  Probe  
  65  6:31  Gateway  
  52  6:33  Gateway  
  52  6:39  Stalker x2  
  54  6:45  Probe x3  
  61  6:54  Immortal  
  61  6:57  Probe x2 (Chrono Boost)  
  63  7:07  Probe x2 (Chrono Boost)  
  65  7:12  Probe (Chrono Boost)  
  65  7:13  Stalker  
  65  7:14  Stalker  
  70  7:16  Protoss Ground Armor Level 1 (Chrono Boost)  
  70  7:18  Protoss Ground Weapons Level 1 (Chrono Boost)  
  68  7:24  Charge  
  68  7:26  Probe x3  
  69  7:38  Probe x3  
  69  7:43  Templar Archives  
  72  7:46  Observer  
  72  7:50  Probe x2  
  72  7:51  Probe  
  76  8:00  Nexus  
  76  8:02  Probe x2, Pylon  
  76  8:03  Probe  
  79  8:06  Zealot x2  
  79  8:07  Zealot  
  79  8:12  Assimilator  
  85  8:14  Assimilator  
  85  8:15  Probe x2  
  85  8:16  Probe  
  88  8:20  High Templar  
  88  8:21  High Templar  
  88  8:25  Archon  
  90  8:33  High Templar x2  
  86  8:36  High Templar  
  86  8:37  High Templar  
  86  8:39  Immortal  
  90  8:42  Archon  
  90  8:46  Zealot  
  90  8:47  Probe x3  
  87  9:00  Probe x3, Pylon  
  90  9:04  Assimilator  
  90  9:09  High Templar x2  
  94  9:10  Zealot x3  
  94  9:11  Probe  
  94  9:12  Probe x3  
  104  9:23  Probe  
  105  9:24  Probe x3  
  108  9:33  Assimilator  
  108  9:34  Assimilator  
  108  9:35  High Templar x2  
  108  9:36  Probe x4, Zealot  
  108  9:38  Immortal  
  122  9:42  Pylon  
  122  9:48  Probe x3  
  125  10:01  Pylon  
  125  10:05  Probe x4  
  125  10:06  Pylon  
  129  10:07  High Templar  
  129  10:08  High Templar  
  129  10:09  Zealot  
  129  10:12  Archon, Pylon  
  129  10:13  Archon x2  
  135  10:15  Nexus  
  135  10:16  Pylon  
  135  10:18  Pylon  
  135  10:19  Probe x3  
  134  10:24  Pylon  
  134  10:26  Zealot  
  134  10:27  Zealot  
  138  10:31  Probe x2, Pylon  
  139  10:36  Pylon  
  139  10:39  Nexus  
  139  10:41  Probe  
  139  10:42  Pylon  
  140  10:43  Probe x2  
  142  10:57  Protoss Ground Weapons Level 2 (Chrono Boost), Protoss Ground Armor Level 2 (Chrono Boost)  
  142  10:59  Probe x2  
  142  11:04  Zealot x4  
  146  11:05  Zealot  
  154  11:28  Pylon  
  154  11:32  Pylon  
  154  11:38  Gateway  
  154  11:41  Gateway, Unknown  
  154  11:44  Gateway  
  154  11:53  Gateway  
  152  11:55  Gateway  
  152  11:57  Gateway, Nexus  
  152  12:00  Pylon  
  152  12:02  High Templar x2  
  152  12:03  High Templar x2  
  152  12:04  Zealot  
  152  12:06  Gateway  
  152  12:07  Pylon  
  162  12:13  Robotics Facility  
  162  12:14  Immortal  
  166  12:17  Gateway  
  166  12:19  Gateway  
  166  12:21  Gateway  
  166  12:23  Gateway  
  166  12:25  Gateway  
  166  12:28  Gateway  
  166  12:30  Gateway  
  166  12:32  Gateway  
  166  12:38  Zealot x4  
  166  12:39  Zealot x4  
  180  12:51  Archon x2  
  180  12:56  Immortal (Chrono Boost)  
  180  12:57  Immortal (Chrono Boost)  
  188  13:14  Zealot x4  
  188  13:15  Zealot x2  
  184  13:50  Zealot x2  
  184  13:51  Zealot x6  
  184  13:52  Zealot x4  
Show
View Real Time Build Order
Export as new Build Order

ZzMarlazZ Terran 

Build Orders:  

Get SALT Encoding   

  12  0:01  SCV  
  13  0:14  Supply Depot  
  13  0:17  SCV  
  14  0:28  Refinery  
  14  0:37  Barracks  
  14  0:41  SCV  
  15  0:50  Refinery  
  15  0:53  SCV  
  16  1:06  SCV  
  17  1:14  Barracks  
  17  1:29  SCV  
  18  1:34  Barracks Tech Lab  
  18  1:41  SCV  
  18  1:44  Factory  
  19  1:54  SCV  
  20  1:55  Marine  
  21  2:02  Barracks Reactor  
  21  2:07  SCV  
  22  2:15  Marine  
  22  2:18  Stimpack  
  23  2:35  Starport  
  23  2:42  Supply Depot  
  23  2:48  Factory Tech Lab  
  23  3:03  Marine x2  
  23  3:04  SCV  
  26  3:06  Marine  
  26  3:11  Starport Reactor  
  27  3:15  Supply Depot  
  27  3:21  Marine  
  27  3:24  Siege Tank  
  31  3:36  Marine x2  
  33  3:49  Medivac x2  
  33  3:54  Supply Depot  
  37  3:56  Marine  
  37  3:59  Marine  
  39  4:09  Combat Shield  
  39  4:15  Marine  
  40  4:17  Supply Depot  
  40  4:20  Marine  
  41  4:28  Marine  
  42  4:33  Marine  
  43  4:56  Marine x3  
  46  5:05  Supply Depot  
  46  5:06  Medivac  
  48  5:14  Marine x3  
  48  5:20  Medivac  
  53  5:31  Marine  
  53  5:32  Marine x2  
  44  6:27  Marine x3  
  44  6:29  Siege Tank  
  44  6:30  Medivac  
  50  6:45  Marine x3, Medivac  
  55  6:57  Supply Depot  
  55  7:01  Siege Tank  
  56  7:02  Marine  
  56  7:03  Marine  
  44  7:34  Marine x3  
  44  7:35  Siege Tank  
  50  7:37  Medivac  
  52  8:02  Marine x3  
  55  8:07  Medivac  
  55  8:08  Medivac, Supply Depot  
  55  8:09  Siege Tank  
  62  8:20  Marine x3  
  65  8:38  Marine x2  
  65  8:39  Marine  
  54  8:56  Marine  
  54  9:00  Siege Tank  
  54  9:02  Marine x2  
  57  9:14  Marine  
  50  9:19  Marine, Command Center  
  51  9:33  SCV, Siege Tank  
  51  9:37  Bunker  
  55  9:45  SCV  
  56  9:53  Marine x2  
  56  9:54  Marine  
  59  10:05  Widow Mine  
  61  10:11  SCV, Marine x3  
  65  10:23  SCV  
  66  10:35  SCV  
  58  10:45  Siege Tank  
  59  10:52  SCV  
  59  10:56  Refinery  
  60  11:02  Factory  
  60  11:04  SCV  
  61  11:15  SCV  
  61  11:16  SCV  
  61  11:17  Siege Tank  
  66  11:28  SCV  
  67  11:40  SCV  
  68  11:52  SCV  
  69  11:58  Command Center  
  69  12:04  SCV  
  70  12:11  Refinery  
  70  12:12  Marine  
  70  12:13  Marine x2  
  72  12:16  SCV  
  71  12:30  Marine  
  71  12:31  Marine x2  
  73  12:48  Marine  
  73  12:49  SCV, Marine x2  
  77  12:58  Factory Tech Lab  
  77  12:59  Command Center, Siege Tank  
  77  13:01  SCV  
  77  13:02  Viking x2  
  85  13:06  Marine  
  85  13:07  Marine x2  
  85  13:10  Refinery  
  88  13:13  SCV  
  89  13:22  Armory  
  89  13:24  Marine  
  89  13:25  SCV, Marine x2  
  93  13:44  SCV  
Tags
 
Composition
Archon Immortal
Matchup
PvT
Player
ViBE
Replay Pack
Gold_League
Spawn Locations
Cross Positions
Add a new tag
Caveats
  • Supply blocks, unpowered buildings, or Contaminate may cause inaccurate times.
  • Supply counts are checked every 10 seconds.